 Dungeon Crawl Stone Soup version 0.27-a0-1217-g8a41f320e8 (webtiles) character file.

Game seed: 13213872685856490899

268 Wyvernaa the Cudgeller (level 6, -5/46 HPs)
             Began as a Demonspawn Gladiator on June 6, 2021.
             Slain by a warg (10 damage)
             ... on level 5 of the Dungeon.
             The game lasted 00:10:36 (3859 turns).

Wyvernaa the Cudgeller (Demonspawn Gladiator)       Turns: 3859, Time: 00:10:37

Health: -5/46      AC: 11    Str: 16    XL:     6   Next: 1%
Magic:  6/6        EV: 12    Int:  9    God:
Gold:   99         SH:  3    Dex: 15    Spells: 5/5 levels left

rFire    . . .     SeeInvis .   a - +0 flail
rCold    + . .     Faith    .   n - +0 buckler
rNeg     . . .     Spirit   .   b - +0 leather armour
rPois    .         Reflect  .   c - +0 helmet
rElec    .         Harm     .   i - +2 cloak
rCorr    .         Rampage  .   m - +0 pair of gloves
Will     .....                  (no boots)
Stlth    +.........             (no amulet)
HPRegen  0.15/turn              g - ring of protection from cold
MPRegen  0.20/turn              (no ring)

@: about to teleport
A: molten scales 2, magic regeneration
a: no special abilities


You were on level 5 of the Dungeon.
You visited 1 branch of the dungeon, and saw 5 of its levels.

You collected 168 gold pieces.
You spent 69 gold pieces at shops.

Inventory:

Hand Weapons
 a - a +0 flail (weapon)
Missiles
 d - 3 throwing nets (quivered)
 f - 7 boomerangs of dispersal
Armour
 b - a +0 leather armour (worn)
 c - a +0 helmet (worn)
 e - a +0 chain mail
 i - a +2 cloak (worn)
 m - a +0 pair of gloves (worn)
 n - a +0 buckler (worn)
Jewellery
 g - a ring of protection from cold (left hand)
Wands
 o - a wand of polymorph (7)
Scrolls
 h - a scroll of amnesia
Potions
 j - a potion of cancellation
 l - 3 potions of ambrosia


   Skills:
 + Level 2.8 Fighting
 + Level 4.9 Maces & Flails
 + Level 1.8 Throwing
 + Level 1.8 Armour
 + Level 3.3 Dodging
 + Level 0.4 Stealth
 + Level 0.1 Shields


You had 5 spell levels left.
You didn't know any spells.
Your spell library was empty.

Dungeon Overview and Level Annotations

Branches:
Dungeon (5/15)
 Temple: D:4-7

Altars:
Cheibriados
Fedhas
Sif Muna
Wu Jian

Shops:
D:3 *   D:4 !


Innate Abilities, Weirdness & Mutations

You are mostly covered in molten scales. (AC +3)
You regenerate magic rapidly.


Message History

You hit the orc.
The orc is severely wounded.
You block the orc's attack.
You barely miss the orc.
The orc is severely wounded.
The orc hits you with a +0 dagger.
You sock the orc!
You kill the orc!
Found a snail-covered altar of Cheibriados.
Found a stone staircase leading down.
Aiming: Polymorph
Press: ? - help, Shift-Dir - straight line, f - ogre
Aim: an ogre, wielding a +0 giant club (will become a warg, a hobgoblin, or a water moccasin, chance to affect: 46%)
The ogre resists with some effort.
Aiming: Polymorph
Press: ? - help, Shift-Dir - straight line, f/p - ogre
Aim: an ogre, wielding a +0 giant club (will become a warg, a hobgoblin, or a water moccasin, chance to affect: 46%)
The ogre evaporates and reforms as a warg!
You closely miss the warg. The warg bites you.
You hit the warg but do no damage. The warg bites you!
You hit the warg.
The warg is lightly wounded.
The warg bites you. The warg misses you.
Unknown command.
Okay, then.
Okay, then.
You closely miss the warg.
The warg is lightly wounded.
You block the warg's attack. The warg bites you.
You barely miss the warg.
The warg is lightly wounded.
You block the warg's attack.
Your leather armour prevents you from hitting the warg.
The warg is lightly wounded.
The warg bites you but does no damage. The warg bites you!
As you read the scroll of teleportation, it crumbles to dust.
You feel strangely unstable. The warg bites you!
* * * LOW HITPOINT WARNING * * *
The warg bites you!
You die...

..####...# #.# #.#.#
....##.#.# .......#.#
..#.##.#.#####
.........[...##########
....##...###.#>.......##
.........###.#..........
..#.##..##.))..h@..._..#
... ....##.#.#.........#
.. .###.##.#.#.......#..
. . #... ..#.......#
#....########.## .##.
... .O . ### #.


You could see a warg.

Vanquished Creatures
  A scorpion (D:3)
  A bullfrog zombie (D:5)
  A hound (D:4)
  A hound skeleton (D:2)
  A howler monkey skeleton (D:4)
  3 adders
  An adder skeleton (D:2)
  3 worms (D:2)
  3 dart slugs
  7 orcs
  5 endoplasms
  4 giant cockroaches
  2 goblins
  3 hobgoblins
  6 jackals
  4 quokkas
  6 ball pythons
  4 bats
  3 frilled lizards
  7 kobolds
  11 rats
77 creatures vanquished.

Vanquished Creatures (others)
  An adder (D:5)
1 creature vanquished.

Grand Total: 78 creatures vanquished

Notes
Turn   | Place    | Note
-------+----------+-------------------------------------------
     0 | D:1      | Wyvernaa the Demonspawn Gladiator began the quest for the
                  | Orb.
     0 | D:1      | Reached XP level 1. HP: 16/16 MP: 1/1
     1 | D:1      | Noticed an electric eel
   195 | D:1      | Reached skill level 3 in Maces & Flails
   195 | D:1      | Gained mutation: You are partially covered in molten
                  | scales. (AC +2) [demonic ancestry]
   195 | D:1      | Reached XP level 2. HP: 19/22 MP: 2/2
   317 | D:1      | Found a faded altar of an unknown god.
   788 | D:2      | Reached XP level 3. HP: 24/27 MP: 3/3
  1397 | D:2      | Reached skill level 1 in Armour
  1397 | D:2      | Reached XP level 4. HP: 34/34 MP: 4/4
  1623 | D:3      | Noticed a scorpion
  1629 | D:3      | Killed a scorpion
  1630 | D:3      | Reached skill level 4 in Maces & Flails
  1630 | D:3      | Gained mutation: You regenerate magic rapidly. [demonic
                  | ancestry]
  1630 | D:3      | Reached XP level 5. HP: 23/39 MP: 5/5
  2202 | D:3      | Found Kuitywk's Assorted Antiques.
  2213 | D:3      | Bought a scroll labelled ASEBLA UMIULE for 23 gold pieces
  2215 | D:3      | Bought a scroll labelled GYPPUL QAWEUZO for 23 gold pieces
  2215 | D:3      | Bought a scroll labelled GYPPUL QAWEUZO for 23 gold pieces
  2593 | D:3      | Found a blossoming altar of Fedhas.
  2857 | D:4      | Found a shimmering blue altar of Sif Muna.
  2867 | D:4      | Found an ornate altar of the Wu Jian Council.
  3019 | D:4      | Noticed a black bear
  3421 | D:4      | Found Itiloer's Distillery.
  3462 | D:5      | Entered Level 5 of the Dungeon
  3772 | D:5      | Gained mutation: You are mostly covered in molten scales.
                  | (AC +3) [demonic ancestry]
  3772 | D:5      | Reached XP level 6. HP: 39/46 MP: 6/6
  3847 | D:5      | Found a snail-covered altar of Cheibriados.
  3850 | D:5      | Noticed a warg
  3850 | D:5      | an ogre changed into a warg
  3859 | D:5      | Slain by a warg

Illustrated notes

Levels and vault maps discovered:
D:1:      arrival_aquarium_a, layout_basic,
          hellmonk_ecumenical_altar_heavens_door
D:2:      layout_rooms
D:3:      minmay_general_purpose_star, layout_loops_cross,
          amethyst_overflow_temple_binary, fedhas_altar_fruit_tree,
          serial_shops, nicolae_shop_trees
D:4:      layout_loops_cross, overflow_temple_1_default, lemuel_doored_altar,
          serial_shops, shop_statue, minmay_misc_feat_tiny
D:5:      layout_loops_cross, cheibriados_altar_1, glass_columns_a,
          lemuel_old_faithful

Skill      XL: |  1  2  3  4 |
---------------+-------------+-----
Dodging        | 3 |  3.3
Maces & Flails | 3 4 |  4.9
Armour         | 1 |  1.8
Fighting       | |  2.8
Throwing       | |  1.8
Stealth        | |  0.4
Shields        | |  0.1

Action                   |  1- 3 |  4- 6 || total
-------------------------+-------+-------++-------
Melee: Flail             |   123 |   135 ||   258
Evoke: Wand              |       |     2 ||     2
  Use: Scroll            |     2 |     7 ||     9
 Stab: Sleeping          |     1 |       ||     1
Armor: Leather armour    |    33 |    71 ||   104
Dodge: Dodged            |    70 |   105 ||   175
Block: Buckler           |       |    21 ||    21

Table legend: (Time is in decaauts)
 A = Elapsed time spent in this place.
 B = Non-inter-level travel time spent in this place.
 C = Inter-level travel time spent in this place.
 D = Time resting spent in this place.
 E = Time spent auto-exploring this place.
 F = Levels seen in this place.
 G = Mean time per level.
                   A        B        C        D        E       F      G
               +--------+--------+--------+--------+--------+-----+--------+
         Total |   3924 |   3866 |     58 |    621 |   1988 |   5 |  784.8 |
       Dungeon |   3924 |   3866 |     58 |    621 |   1988 |   5 |  784.8 |
               +--------+--------+--------+--------+--------+-----+--------+

Top non-repeatable levels by time:
     D:2: 1274 daAuts
     D:3: 908 daAuts
     D:4: 716 daAuts
     D:1: 624 daAuts
     D:5: 400 daAuts
